 Dungeon Crawl Stone Soup version 0.22.1-1-ga44c0e5 (webtiles) character file.

252 dvd the Firebug (level 6, -1/36 HPs)
             Began as an Octopode Fire Elementalist on Oct 6, 2018.
             Was an Initiate of Vehumet.
             Slain by a vampire bat (2 damage)
             ... on level 4 of the Dungeon.
             The game lasted 00:07:35 (4141 turns).

dvd the Firebug (Octopode Fire Elementalist)        Turns: 4141, Time: 00:07:36

Health: -1/36      AC:  1    Str:  7    XL:     6   Next: 13%
Magic:  4/11       EV: 13    Int: 19    God:    Vehumet [......]
Gold:   127        SH:  0    Dex: 13    Spells: 9/12 levels left

rFire    + + .     SeeInvis .   t - +0 falchion
rCold    x . .     Gourm    .   (no shield)
rNeg     . . .     Faith    .   (helmet restricted)
rPois    .         Spirit   .   (no amulet)
rElec    .         Reflect  .   j - ring of protection from fire
rCorr    .         Harm     .   r - ring of fire
MR       .....                  (no ring)
Stlth    +++.......             (no ring)
HPRegen  0.12/turn              (no ring)
MPRegen  0.12/turn              (no ring)
                                (no ring)
                                (no ring)

@: hasted, very quick
A: almost no armour, stealthy swim, amphibious, 8 rings, constrict 8, camouflage
1, gelatinous body 1
a: Renounce Religion


You were on level 4 of the Dungeon.
You worshipped Vehumet.
Vehumet was noncommittal.
You were not hungry.

You visited 1 branch of the dungeon, and saw 4 of its levels.

You collected 127 gold pieces.

Inventory:

Hand Weapons
 d - a +0 whip
 t - a +0 falchion (weapon)
Jewellery
 f - an uncursed amulet of guardian spirit
 j - a ring of protection from fire (left tentacle)
 r - a ring of fire (right tentacle)
 w - an uncursed ring of ice
Scrolls
 a - 3 scrolls of remove curse
 c - a scroll of teleportation {unknown}
 e - a scroll of amnesia {unknown}
 h - a scroll of blinking {unknown}
 i - 3 scrolls of noise {unknown}
 k - 2 scrolls of identify {unknown}
 o - 2 scrolls of fear {unknown}
 s - 2 scrolls of fog {unknown}
Potions
 m - a potion of resistance {unknown}
 n - a potion of heal wounds {unknown}
 p - a potion of agility {unknown}
 q - a potion of magic {unknown}
 u - a potion of cancellation {unknown}
Comestibles
 b - 8 rations


   Skills:
 + Level 0.2 Fighting
 + Level 0.1 Long Blades
 + Level 0.2 Maces & Flails
 + Level 2.3 Dodging
 + Level 3.7 Stealth
 + Level 3.7 Spellcasting
 + Level 2.2 Conjurations
 + Level 4.5 Fire Magic


You had 9 spell levels left.
You knew the following spells:

 Your Spells              Type           Power        Failure   Level  Hunger
a - Flame Tongue          Conj/Fire      ###..        3%          1    None
b - Throw Flame           Conj/Fire      ###...       5%          2    ##.....

Your spell library contained the following spells:

 Spells                   Type           Power        Failure   Level  Hunger
 Conjure Flame            Conj/Fire      ###.....     11%         3    ###....
 Inner Flame              Hex/Fire       ###.....     17%         3    ###....
 Sticky Flame             Conj/Fire      ###.....     34%         4    ####...
 Fireball                 Conj/Fire      ###.......   69%         5    ######.


Dungeon Overview and Level Annotations

Branches:
Dungeon (4/15)
 Temple: D:4-7

Altars:
Kikubaaqudgha
Makhleb
Vehumet


Innate Abilities, Weirdness & Mutations

You cannot wear most types of armour.
You are very stealthy in the water. (Stealth+)
You are amphibious.
You can wear up to eight rings at the same time.
You can use your tentacles to constrict eight enemies at once.
Your skin changes colour to match your surroundings (Stealth+).
Your rubbery body absorbs attacks. (AC +1, EV +1)


Message History

Confirm with . or Enter, or press ? or * to list all spells.
Aiming: Flame Tongue (safe; 3% risk of failure)
Press: ? - help, Shift-Dir - straight line, f - vampire bat, p - bat skeleton
Aim: a vampire bat (lightly damaged)
You feel a surge of power!
The flame tongue hits the vampire bat.
The vampire bat is almost destroyed.
The vampire bat bites you.
* * * LOW HITPOINT WARNING * * *
The vampire bat draws strength from your injuries!
The bat skeleton hits you.
* * * LOW HITPOINT WARNING * * *
The bat skeleton hits you.
* * * LOW HITPOINT WARNING * * *
Unknown command.
Okay, then.
Unknown command.
It was a potion of haste.
You feel yourself speed up.
The bat skeleton hits you but does no damage.
The vampire bat bites you.
You die...

##.⌠.#.⌠.## #.#.......#
#.#.#.#.#.# #.#......<<
#..#.⌠.#..# #.#...(...#
#.#.#.#.#.# #.#.....)..
##.⌠.#.⌠.## #.#.......#
#.#.#.#.#.###.#########
#.⌠.#.⌠.#.⌠.##.# #
##.#.#b#.#.# #
#.#.⌠.#@Z.# #
##.#.#.#.#.# #
#.⌠.#...#.⌠.# #
##.#.⌠.⌠ #.## # ##..._.
## # ##.⌠.⌠ #####


You could see a vampire bat and a bat skeleton.

Vanquished Creatures
  A vampire bat (D:4)
  2 orc priests (D:3)
  A hound (D:4)
  A gnoll (D:1)
  4 adders
  3 worms (D:2)
  4 leopard geckos
  6 orcs
  3 bats
  5 bat skeletons (D:4)
  5 giant cockroaches
  5 hobgoblins
  6 kobolds
  2 quokkas (D:3)
  A frilled lizard (D:3)
  6 goblins
  6 rats
61 creatures vanquished.

Notes
Turn   | Place    | Note
-------+----------+-------------------------------------------
     0 | D:1      | dvd the Octopode Fire Elementalist began the quest for the
                  | Orb.
     0 | D:1      | Reached XP level 1. HP: 11/11 MP: 3/3
   338 | D:1      | Reached XP level 2. HP: 17/17 MP: 1/5
   396 | D:1      | Learned a level 2 spell: Throw Flame
   908 | D:2      | Reached XP level 3. HP: 21/21 MP: 4/6
  1062 | D:2      | Found a radiant altar of Vehumet.
  1074 | D:2      | Found a burning altar of Makhleb.
  1078 | D:2      | Became a worshipper of Vehumet
  1251 | D:2      | Reached skill level 4 in Fire Magic
  1880 | D:3      | Reached XP level 4. HP: 27/27 MP: 1/7
  2847 | D:3      | Reached XP level 5. HP: 15/31 MP: 2/9
  4129 | D:4      | Found an ancient bone altar of Kikubaaqudgha.
  4137 | D:4      | Reached XP level 6. HP: 8/36 MP: 7/11
  4140 | D:4      | HP: 1/36 [bat skeleton (1)]
  4141 | D:4      | Slain by a vampire bat

Skill      XL: |  1  2  3  4  5 |
---------------+----------------+-----
Stealth        | 3 |  3.7
Fire Magic     | 4 |  4.5
Spellcasting   | 3 |  3.7
Conjurations   | 2 |  2.2
Fighting       | |  0.2
Long Blades    | |  0.1
Maces & Flails | |  0.2
Dodging        | |  2.3

Action                   |  1- 3 |  4- 6 || total
-------------------------+-------+-------++-------
Melee: Whip              |     7 |     3 ||    10
       Constrict         |     2 |     5 ||     7
       Falchion          |       |     6 ||     6
       Tentacles         |       |     4 ||     4
 Cast: Flame Tongue      |    45 |    52 ||    97
       Throw Flame       |     3 |    14 ||    17
  Use: Scroll            |     2 |       ||     2
       Potion            |       |     3 ||     3
 Stab: Sleeping          |     1 |       ||     1
  Eat: Chunk             |     4 |     7 ||    11
Armor: Skin              |       |    10 ||    10
Dodge: Dodged            |     9 |    45 ||    54
       Rpst.: Falchion   |       |     7 ||     7
